 Dungeon Crawl Stone Soup version 0.31-a0-1154-gadca813884 (webtiles) character file.

Game seed: 3184346218026317640

105760 Arzdou the Destroyer (level 16, -6/109 HPs)
             Began as an Octopode Fire Elementalist on Dec 7, 2023.
             Was a High Priest of Vehumet.
             Mangled by Aizul (16 damage)
             ... on level 3 of the Elven Halls on Dec 8, 2023.
             The game lasted 01:21:18 (34523 turns).

Arzdou the Destroyer (Octopode Fire Elementalist)  Turns: 34523, Time: 01:21:20

Health: -6/109     AC:  1    Str:  7 (8)  XL:     16   Next: 42%
Magic:  5/30       EV: 26    Int: 34      God:    Vehumet [*****.]
Gold:   436        SH:  0    Dex: 13      Spells: 5/36 levels left

rFire   + + .        S - +9 arbalest of the Tiger {penet, rElec rF++ Will+ Stlth-}
rCold   + . .        (shield currently unavailable)
rNeg    . . .        (helmet restricted)
rPois   .            (no amulet)
rElec   +            e - +5 ring of evasion
rCorr   +            c - +6 ring of intelligence
SInv    +            A - ring "Ickibboi" {Contam rF+ EV+5 Int+4}
Will    ++...        J - ring of resist corrosion
Stlth   ++++         y - ring of see invisible
HPRegen 0.38/turn    R - ring of wizardry
MPRegen 0.22/turn    X - ring of wizardry
                     Z - ring of ice

%: wizardry (x2)
@: lethally poisoned (-6 -> -18)
A: almost no armour, amphibious, 8 rings, camouflage 1, gelatinous body 1,
(nimble swimmer 1), tentacles, deterioration 1, inability to drink after injury
1
a: Renounce Religion


You were on level 3 of the Elven Halls.
You worshipped Vehumet.
Vehumet was extremely pleased with you.
You visited 5 branches of the dungeon, and saw 22 of its levels.
You also visited: Gauntlet.

You collected 2059 gold pieces.
You spent 1623 gold pieces at shops.

Inventory:

Hand Weapons
 L - the +9 lance "Wyrmbane" {slay drac, rPois rF+ rC+ AC+3}
   (You took it off Maggie on level 2 of the Lair of Beasts)

   AC+3:      It affects your AC (+3).
   rF+:       It protects you from fire.
   rC+:       It protects you from cold.
   rPois:     It protects you from poison
 S - the +9 arbalest of the Tiger (weapon) {penet, rElec rF++ Will+ Stlth-}
   (You found it on level 5 of the Lair of Beasts)

   rF++:      It greatly protects you from fire.
   rElec:     It insulates you from electricity.
   Will+:     It increases your willpower.
   Stlth-:    It makes you less stealthy.
Missiles
 k - 3 darts of dispersal
 z - 8 throwing nets
Magical Staves
 B - a staff of fire
Jewellery
 c - a +6 ring of intelligence (right tentacle)
 e - a +5 ring of evasion (left tentacle)
 l - a ring of positive energy
 y - a ring of see invisible (on tentacle)
 A - the ring "Ickibboi" (on tentacle) {Contam rF+ EV+5 Int+4}
   (You found it on level 9 of the Dungeon)

   [ring of evasion]

   EV+5:      It affects your evasion (+5).
   Int+4:     It affects your intelligence (+4).
   rF+:       It protects you from fire.
   Contam:    It causes magical contamination when unequipped.
 J - a ring of resist corrosion (on tentacle)
 M - the ring of Tomorrow {rF+++ rN++ Will- rCorr Dex-5}
   (You found it on level 2 of the Elven Halls)

   [ring of resist corrosion]

   Dex-5:     It affects your dexterity (-5).
   rF+++:     It renders you almost immune to fire.
   rN++:      It greatly protects you from negative energy.
   Will-:     It decreases your willpower.
   rCorr:     It protects you from acid and corrosion.
 R - a ring of wizardry (on tentacle)
 X - a ring of wizardry (on tentacle)
 Y - a ring of fire
 Z - a ring of ice (on tentacle)
Talismans
 u - the serpent talisman of a bailey {rN+}
   (You found it on level 9 of the Dungeon)

   [serpent talisman]

   rN+:       It protects you from negative energy.
Wands
 h - a wand of roots (25)
 o - a wand of paralysis (6)
 t - a wand of mindburst (25)
 P - a wand of flame (16)
 U - a wand of acid (11)
Scrolls
 f - 6 scrolls of vulnerability
 n - 4 scrolls of enchant weapon
 q - 4 scrolls of fear
 r - 4 scrolls of immolation
 v - 10 scrolls of amnesia
 w - a scroll of silence
 C - 4 scrolls of noise
 D - 2 scrolls of torment
 E - 2 scrolls of summoning
 F - 3 scrolls of poison
 G - 9 scrolls of teleportation
 H - 5 scrolls of identify
 K - 2 scrolls of fog
 N - 2 scrolls of blinking
 Q - 3 scrolls of brand weapon
 W - a scroll of enchant armour
Potions
 a - 2 potions of magic
 b - 3 potions of lignification
 d - 5 potions of curing
 g - a potion of attraction
 i - a potion of ambrosia
 j - 3 potions of heal wounds
 m - 3 potions of might
 p - 3 potions of haste
 s - 2 potions of invisibility
 x - 2 potions of resistance
 I - 2 potions of enlightenment
 O - 4 potions of brilliance
 V - 2 potions of cancellation
Miscellaneous
 T - a lightning rod (4/4)


   Skills:
 - Level 10.0 Fighting
 - Level 8.2 Dodging
 - Level 10.7 Stealth
 - Level 10.9 Spellcasting
 + Level 14.5 Conjurations
 - Level 3.0 Transmutations
 + Level 9.1 Fire Magic
 - Level 5.0 Air Magic
 - Level 6.0 Poison Magic
 - Level 9.1 Evocations
 - Level 10.0 Shapeshifting


You had 5 spell levels left.
You knew the following spells:

 Your Spells              Type           Power      Damage    Failure   Level
a - Foxfire               Conj/Fire      100%       2x1d9     0%          1
b - Scorch                Fire           100%       2d9       1%          2
c - Flame Wave            Conj/Fire      78%        2d17      1%          4
d - Orb of Destruction    Conj           43%        9d12      1%          7
e - Ignite Poison         Fire/Tmut/Pois 56%        N/A       1%          3
f - Irradiate             Conj/Tmut      33%        3d22      1%          5
g - Freezing Cloud        Conj/Ice/Air   38%        6-21      1%          5
h - Olgreb's Toxic Radia  Pois           56%        N/A       1%          4

Your spell library contained the following spells:

 Spells                   Type           Power      Damage    Failure   Level
 Bombard                  Conj/Erth      30%        9d5       1%          6
 Sandblast                Erth           36%        2d10      1%          1
 Sting                    Tmut/Pois      100%       1d8       1%          1
 Summon Small Mammal      Summ           72%        N/A       1%          1
 Blink                    Tloc           36%        N/A       1%          2
 Cigotuvi's Dreadful Rot  Necr/Pois/Air  86%        N/A       1%          2
 Lesser Beckoning         Tloc           36%        N/A       1%          2
 Passwall                 Tmut/Erth      23%        N/A       1%          2
 Sublimation of Blood     Necr           18%        N/A       1%          2
 Inner Flame              Hex/Fire       49%        N/A       1%          3
 Stone Arrow              Conj/Erth      100%       3d13      1%          3
 Volatile Blastmotes      Fire/Tloc      98%        2d18      1%          3
 Brom's Barrelling Bould  Conj/Erth      61%        2d8       1%          4
 Fulminant Prism          Conj/Hex       30%        3d16      1%          4
 Iskenderun's Mystic Bla  Conj/Tloc      61%        2d13      1%          4
 Sticky Flame             Conj/Fire      78%        2d9       1%          4
 Arcjolt                  Conj/Air       35%        1d45      1%          5
 Call Canine Familiar     Summ           18%        N/A       2%          3
 Gell's Gravitas          Tloc           18%        N/A       2%          3
 Summon Guardian Golem    Hex/Summ       18%        N/A       2%          3
 Teleport Other           Tloc           18%        N/A       2%          3
 Summon Lightning Spire   Summ/Air       35%        N/A       2%          4
 Vhi's Electric Charge    Tloc/Air       70%        N/A       2%          4
 Petrify                  Tmut/Erth      28%        N/A       3%          4
 Alistair's Intoxication  Tmut/Pois      32%        N/A       3%          5
 Animate Dead             Necr           18%        N/A       7%          4
 Manifold Assault         Tloc           18%        N/A       7%          4
 Passage of Golubria      Tloc           18%        N/A       7%          4
 Silence                  Hex/Air        17%        N/A       7%          5
 Plasma Beam              Fire/Air       30%        2x1d43    1%          6
 Spellforged Servitor     Conj/Summ      30%        N/A       8%          7
 Ignition                 Fire           34%        3d11      24%         8
 Lehudib's Crystal Spear  Conj/Erth      30%        10d8      41%         8
 Ozocubu's Refrigeration  Ice            13%        4d10      69%         7
 Haunt                    Necr/Summ      9%         N/A       99%         7
 Polar Vortex             Ice            13%        12d1*     99%         9
 Infestation              Necr           9%         N/A       100%        8


Dungeon Overview and Level Annotations

Branches:
Dungeon (11/15)            Temple (1/1) D:6            Lair (5/5) D:10
  Swamp (0/4) Lair:3        Snake (0/4) Lair:3        Slime (0/5) Lair:5
    Orc (2/2) D:11            Elf (3/3) Orc:2       Gauntlet (visited)

Altars:
Ashenzari
Cheibriados
Dithmenos
Elyvilon
Fedhas
Gozag
Hepliaklqana
Kikubaaqudgha
Makhleb
Nemelex Xobeh
Okawaru
Qazlal
Ru
Sif Muna
Trog
Uskayaw
Vehumet
Wu Jian
Xom
Yredelemnul
Zin
The Shining One
Jiyva

Shops:
D:7 :   Orc:2 (?!:(   Elf:1 ?(:

Portals:
Pandemonium: Orc:2

Annotations:
D:5 1 runed translucent door, Crazy Yiuf
Lair:1 2 transporters, Vorhees's ghost, journeyman OpVM
Elf:2 Esmu's ghost, adept MiFi
Elf:3 Aizul


Innate Abilities, Weirdness & Mutations

You cannot wear most types of armour.
You are amphibious.
You can wear up to eight rings at the same time.
Your skin changes colour to match your surroundings (Stealth+).
Your rubbery body absorbs attacks. (AC +1, EV +1)
((You are camouflaged when in or above water. (Stealth+)))
You have tentacles for arms and can constrict up to eight enemies at once.
Your body sometimes deteriorates upon taking damage.
You occasionally lose the ability to drink potions when taking damage.


Message History

The deep elf archer is severely wounded.
You feel very sick.
Aizul coils herself and waves her upper body at you.
The bolt of poison misses you.
A wave of flame ripples out!
The flame wave engulfs Aizul!!
Aizul is almost dead.
The flame wave engulfs the deep elf archer!!
You kill the deep elf archer!
Vehumet accepts your kill.
You finish channelling waves of flame.
You feel very sick.
You hear a shout!
Aizul coils herself and waves her upper body at you.
The bolt of poison hits you!
You are more poisoned.
A deep elf zephyrmancer comes into view.
It is wielding a +0 short sword.
Aizul coils herself and waves her upper body at you.
The poison arrow hits you!!
You are more poisoned.
* * * LOW HITPOINT WARNING * * *
The deep elf zephyrmancer shouts!
You feel your intelligence returning.
Unknown command.
You feel better.
Aizul coils herself and waves her upper body at you.
You resist with some effort.
A deep elf pyromancer comes into view. It is wielding a +0 rapier.
Aiming: Corrosive Bolt
Press: ? - help, Shift-Dir - straight line, f - Aizul
Aim: Aizul (almost dead, 48% to hit)
The bolt of acid hits Aizul!
The acid corrodes Aizul!
Aizul is almost dead.
Aizul coils herself and waves her upper body at you.
The bolt of poison hits you!!
You are poisoned.
* * * LOW HITPOINT WARNING * * *
Your body deteriorates!
You feel weakened.
The deep elf pyromancer mumbles some strange words.
The deep elf pyromancer blinks!
Aizul hits you!
You die...

##+...## #.# #.....S.#
##.#...# #.# ##ยง#
##.#####'#####'####.##
##.## #'#.....##e##
##.## ##.......'##
##.## ##.........##
#.## #.......)...#
+##########......S....#
.'........'.....@..)..#
.##########...........#
.## #.).........# #+##
##...).....## ##.##
##..)....## ##.##
##'.....## ##.##
####.###'###
##.###.#'## #.#
##+#...##


You could see Aizul (corroded) and a deep elf zephyrmancer.

Vanquished Creatures
  A deep elf sorcerer (Elf:1)
  A deep elf elementalist (Elf:2)
  A deep elf death mage (Elf:3)
  Harold (D:11)
  10 hydras
  3 demonspawn (Orc:2)
  A catoblepas (Lair:3)
  2 two-headed ogres
  6 death yaks
  4 boulder beetles
  8 orc high priests (Orc:2)
  10 dancing weapons
  Nergalle (Lair:2)
  Sonja (D:11)
  13 deep elf knights
  A skyshark (Lair:4)
  A fire crab (Lair:3)
  2 goliath frogs (Lair:5)
  2 spriggan druids (Lair:3)
  4 deep elf archers
  15 deep elf zephyrmancers
  17 deep elf pyromancers
  5 orc knights
  6 orc sorcerers
  8 elephants
  A rust devil (Orc:2)
  Maurice (D:7)
  11 black mambas
  Joseph (D:7)
  A kobold blastminer (Orc:1)
  2 torpor snails
  Psyche (D:8)
  24 cane toads
  3 rime drakes
  Maggie (Lair:2)
  12 komodo dragons
  A red devil (Orc:2)
  5 trolls
  A tyrant leech (Lair:5)
  A polar bear (Lair:1)
  A hornet (D:10)
  18 blink frogs
  5 dream sheep
  4 flying skulls (Gauntlet)
  2 shadows
  4 wyverns
  3 basilisks (Lair:3)
  A water elemental (Elf:1)
  36 yaks
  2 fire elementals (Elf:1)
  A chaos spawn (Orc:2)
  Menkaure (D:5)
  A neqoxec (Orc:2)
  8 vampire mosquitoes
  2 wargs
  Edmund (D:5)
  3 acid dragons
  24 water moccasins
  Duvessa (D:6)
  4 ice beasts
  A black bear (D:10)
  25 orc warriors
  4 sky beasts
  5 ogres
  A small abomination (Gauntlet)
  6 wolves
  2 kobold brigands
  18 bullfrogs
  A gnoll sergeant (D:10)
  3 earth elementals
  2 scorpions
  A wight (D:9)
  Dowan (D:6)
  22 killer bees
  5 howler monkeys
  2 electric eels
  24 orc priests
  3 hounds
  A jelly (D:6)
  Jessica (D:3)
  3 gnoll boudas (D:7)
  2 hell rats (Lair:3)
  2 sleepcaps (D:5)
  16 orc wizards
  21 gnolls
  9 adders
  A shadow imp (D:5)
  3 white imps
  2 worms
  6 dart slugs
  55 orcs
  9 ball pythons
  8 endoplasms
  3 giant cockroaches
  14 goblins
  4 hobgoblins
  A jackal (D:3)
  7 quokkas
  4 bats
  2 frilled lizards (D:2)
  12 kobolds
  7 rats
631 creatures vanquished.

Vanquished Creatures (others)
  580 foxfires
580 creatures vanquished.

Grand Total: 1211 creatures vanquished

Notes
Turn   | Place    | Note
-------+----------+-------------------------------------------
     0 | D:1      | Arzdou the Octopode Fire Elementalist began the quest for
                  | the Orb.
     0 | D:1      | Reached XP level 1. HP: 11/11 MP: 3/3
   146 | D:1      | Reached XP level 2. HP: 11/17 MP: 5/5
   642 | D:1      | Reached XP level 3. HP: 21/21 MP: 3/6
  1027 | D:2      | Learned a level 2 spell: Scorch
  1136 | D:2      | Found a faded altar of an unknown god.
  1157 | D:2      | Reached skill level 2 in Conjurations
  1308 | D:2      | Reached XP level 4. HP: 27/27 MP: 3/8
  2090 | D:3      | Noticed Jessica
  2094 | D:3      | Killed Jessica
  2141 | D:3      | Reached XP level 5. HP: 31/31 MP: 9/9
  2257 | D:3      | Learned a level 4 spell: Flame Wave
  2620 | D:3      | Found a shadowy altar of Dithmenos.
  2628 | D:3      | Found a shimmering blue altar of Sif Muna.
  3133 | D:3      | Reached skill level 3 in Conjurations
  3236 | D:4      | Found a hazy altar of Hepliaklqana.
  3239 | D:4      | Found an opulent altar of Gozag.
  3242 | D:4      | Found a white marble altar of Elyvilon.
  3248 | D:4      | Found an ornate altar of the Wu Jian Council.
  3487 | D:4      | Reached XP level 6. HP: 36/36 MP: 6/11
  3682 | D:4      | Found a blossoming altar of Fedhas.
  3711 | D:4      | Found a shimmering altar of Xom.
  3839 | D:5      | Entered Level 5 of the Dungeon
  3882 | D:5      | Noticed Menkaure
  4416 | D:5      | Reached XP level 7. HP: 41/41 MP: 8/13
  4430 | D:5      | Killed Menkaure
  4431 | D:5      | Reached skill level 4 in Conjurations
  4431 | D:5      | Reached skill level 5 in Fire Magic
  4760 | D:5      | Found a bloodstained altar of Trog.
  4815 | D:5      | Found a burning altar of Makhleb.
  4901 | D:5      | Noticed Edmund
  4917 | D:5      | Killed Edmund
  4918 | D:5      | Reached skill level 5 in Spellcasting
  4918 | D:5      | Reached XP level 8. HP: 24/46 MP: 5/15
  4929 | D:5      | Reached skill level 5 in Conjurations
  5155 | D:5      | Found a runed translucent door.
  5156 | D:5      | Noticed Crazy Yiuf
  5424 | D:6      | Noticed Duvessa
  5428 | D:6      | Noticed Dowan
  5605 | D:6      | Reached skill level 1 in Shapeshifting
  5737 | D:6      | Killed Duvessa
  5887 | D:6      | Killed Dowan
  5971 | D:6      | Learned a level 7 spell: Orb of Destruction
  6326 | D:6      | Found a staircase to the Ecumenical Temple.
  6350 | Temple   | Entered the Ecumenical Temple
  6355 | Temple   | Became a worshipper of Vehumet
  6565 | D:5      | Found a snail-covered altar of Cheibriados.
  6607 | D:7      | Noticed Joseph
  6624 | D:6      | Reached skill level 5 in Stealth
  6627 | D:6      | Reached XP level 9. HP: 36/51 MP: 0/17
  6658 | D:6      | Reached skill level 6 in Conjurations
  7127 | D:7      | Killed Joseph
  7236 | D:7      | Found Ussot's Book Boutique.
  7356 | D:7      | Noticed Maurice
  7478 | D:7      | Maurice stole an amulet of guardian spirit
  7555 | D:7      | Maurice stole a beast talisman
  7558 | D:7      | Killed Maurice
  7559 | D:7      | Reached skill level 7 in Conjurations
  7850 | D:7      | Reached * piety under Vehumet
  7850 | D:7      | Offered knowledge of Kiss of Death by Vehumet.
  8459 | D:7      | Reached XP level 10. HP: 20/56 MP: 4/20
  8588 | D:8      | Noticed Psyche
  8598 | D:8      | Killed Psyche
  8796 | D:8      | Reached skill level 8 in Conjurations
  9134 | D:8      | Identified the +2 leather armour of Untruth {Str+4}
 10245 | D:9      | Reached skill level 10 in Stealth
 10640 | D:9      | Identified the serpent talisman of a bailey {rN+}
 10735 | D:9      | Identified the ring "Ickibboi" {Contam rF+ EV+5 Int+4}
 10970 | D:9      | Reached ** piety under Vehumet
 10995 | D:9      | Noticed a two-headed ogre
 11125 | D:9      | Killed a two-headed ogre
 11126 | D:9      | Reached skill level 9 in Conjurations
 11126 | D:9      | Reached XP level 11. HP: 37/61 MP: 12/23
 11300 | D:10     | Entered Level 10 of the Dungeon
 11308 | D:10     | Offered knowledge of Poisonous Vapours by Vehumet.
 11984 | D:10     | Noticed a two-headed ogre
 12186 | D:10     | Killed a two-headed ogre
 12232 | D:10     | Found a staircase to the Lair.
 12572 | D:10     | Reached skill level 10 in Conjurations
 12576 | D:10     | HP: 3/61 [poisoned by a hornet]
 12579 | D:10     | HP: 1/61 [poisoned by a hornet]
 12954 | Lair:1   | Entered Level 1 of the Lair of Beasts
 12961 | Lair:1   | Reached skill level 5 in Dodging
 13277 | Lair:1   | Found a transporter.
 13286 | Lair:1   | Found a transporter.
 13307 | Lair:1   | Noticed a skyshark
 13378 | Lair:1   | Noticed Vorhees's ghost (journeyman OpVM)
 13546 | Lair:1   | Offered knowledge of Ignite Poison by Vehumet.
 13564 | Lair:1   | Reached skill level 5 in Shapeshifting
 13713 | Lair:1   | Noticed a death yak
 13796 | Lair:1   | Learned a level 3 spell: Ignite Poison
 13802 | Lair:1   | Learned a level 5 spell: Irradiate
 13868 | Lair:1   | Killed a death yak
 13869 | Lair:1   | Reached skill level 1 in Transmutations
 14034 | Lair:1   | Reached XP level 12. HP: 66/66 MP: 21/25
 14510 | Lair:2   | Reached *** piety under Vehumet
 14530 | Lair:2   | Noticed Maggie
 15057 | Lair:2   | Noticed a death yak
 15269 | Lair:2   | Killed Maggie
 16105 | Lair:2   | You fall into a shaft and drop 2 floors!
 16266 | Lair:3   | Noticed an eight-headed hydra
 16351 | Lair:2   | Noticed Nergalle
 16360 | Lair:2   | Killed Nergalle
 16615 | Lair:2   | Reached skill level 10 in Shapeshifting
 16719 | Lair:2   | Noticed a death yak
 16720 | Lair:2   | Killed a death yak
 16721 | Lair:2   | Reached skill level 1 in Fighting
 16727 | Lair:2   | Noticed a death yak
 16734 | Lair:1   | Killed a death yak
 16862 | Lair:2   | Noticed a death yak
 16863 | Lair:2   | Noticed a death yak
 16889 | Lair:1   | Killed a death yak
 16961 | Lair:2   | Killed a death yak
 16962 | Lair:2   | Killed a death yak
 16963 | Lair:2   | Reached XP level 13. HP: 69/78 MP: 11/26
 17157 | Lair:3   | Reached skill level 11 in Conjurations
 17306 | Lair:3   | Offered knowledge of Frozen Ramparts by Vehumet.
 17545 | Lair:3   | Reached skill level 5 in Fighting
 18052 | Lair:3   | Reached skill level 12 in Conjurations
 18153 | Lair:3   | Found a staircase to the Snake Pit.
 18332 | Lair:3   | Reached **** piety under Vehumet
 18706 | Lair:3   | Found a staircase to the Swamp.
 19117 | Lair:3   | Offered knowledge of Freezing Cloud by Vehumet.
 19507 | Lair:3   | Got the Guide on the Polar Torch
 19709 | Lair:3   | Reached skill level 13 in Conjurations
 20116 | Lair:3   | Learned a level 5 spell: Freezing Cloud
 20192 | Lair:4   | Reached XP level 14. HP: 92/95 MP: 16/27
 20197 | Lair:4   | Reached skill level 1 in Air Magic
 20197 | Lair:4   | Reached skill level 1 in Evocations
 21406 | Lair:4   | Reached ***** piety under Vehumet
 21584 | Lair:4   | Offered knowledge of Fulminant Prism by Vehumet.
 21666 | Lair:5   | Entered Level 5 of the Lair of Beasts
 22039 | Lair:5   | Reached skill level 5 in Evocations
 22693 | Lair:5   | Reached skill level 5 in Air Magic
 22880 | Lair:5   | Identified the +9 arbalest of the Tiger {penet, rElec rF++
                  | Will+ Stlth-}
 22952 | Lair:5   | Found a staircase to the Slime Pits.
 23026 | Lair:5   | Found a viscous altar of Jiyva.
 23247 | Lair:5   | Reached skill level 10 in Fighting
 23615 | D:11     | Found a gate leading to a gauntlet.
 23621 | Gauntlet | Entered a Gauntlet
 23621 | Gauntlet | Found a transporter.
 23621 | Gauntlet | Found a transporter.
 23625 | Gauntlet | Found a transporter.
 23637 | Gauntlet | Found a transporter.
 23649 | Gauntlet | Found a transporter.
 23659 | Gauntlet | Found a transporter.
 23659 | Gauntlet | Found a transporter.
 23664 | Gauntlet | Found a transporter.
 23695 | Gauntlet | Found a transporter.
 23702 | Gauntlet | Found a transporter.
 23715 | Gauntlet | Found a transporter.
 23726 | Gauntlet | Found a transporter.
 23771 | Gauntlet | Found a transporter.
 23785 | Gauntlet | Found a transporter.
 23885 | Gauntlet | Found a transporter.
 23901 | Gauntlet | Found a transporter.
 24527 | Gauntlet | Identified the +5 broad axe of Adenn {pain, Contam rPois
                  | rF++ rN+}
 24527 | Gauntlet | Identified the +15 plate armour "Boaledihyu" {rPois Regen+}
 24527 | Gauntlet | Identified the ring of Luzuiqeg {+Blink rPois rC- Will-
                  | rCorr}
 24579 | Gauntlet | Identified the +0 robe "Mas Jeen" {+Inv}
 24580 | Gauntlet | Got the Information on Flame and Pestilence
 24582 | Gauntlet | Identified the -2 helmet "Aloibro" {rC+ Will+ Int+2}
 24587 | Gauntlet | Identified the +2 ring mail of Wu Jian's Hope {rPois Regen+
                  | Str-5 Int-4}
 24729 | D:11     | Learned a level 4 spell: Olgreb's Toxic Radiance
 24833 | D:11     | Gained mutation: You occasionally lose the ability to drink
                  | potions when taking damage. [mutagenic glow]
 25668 | D:11     | Noticed Harold
 25675 | D:11     | Killed Harold
 25714 | D:11     | Reached skill level 1 in Poison Magic
 25815 | D:11     | Found a staircase to the Orcish Mines.
 25991 | D:11     | Noticed Sonja
 25993 | D:11     | Killed Sonja
 26298 | Orc:1    | Entered Level 1 of the Orcish Mines
 26582 | Orc:1    | Reached XP level 15. HP: 103/103 MP: 9/28
 26877 | Orc:1    | Found a shimmering blue altar of Sif Muna.
 26918 | Orc:1    | Got Sif Muna's Annotations on Reconstruction
 27047 | Orc:2    | Entered Level 2 of the Orcish Mines
 27125 | Orc:2    | Found Adoggapp's Antique Weapon Shoppe.
 27355 | Orc:2    | Found a staircase to the Elven Halls.
 27941 | Orc:2    | Found Juehor's Magic Scroll Shop.
 27949 | Orc:2    | Gained mutation: Your body sometimes deteriorates upon
                  | taking damage. [a neqoxec]
 28075 | Orc:2    | Found Ygalini's Distillery.
 28886 | Orc:2    | Reached skill level 5 in Poison Magic
 29482 | Orc:2    | Found Ureot's Antique Weapon Emporium.
 29482 | Orc:2    | Found Tamiro's Book Shoppe.
 29483 | Orc:2    | Found a one-way gate leading to the halls of Pandemonium.
 29557 | Orc:1    | Offered knowledge of Bombard by Vehumet.
 29975 | Orc:2    | Bought a potion of curing for 48 gold pieces
 29975 | Orc:2    | Bought a potion of magic for 128 gold pieces
 29975 | Orc:2    | Bought a potion of brilliance for 64 gold pieces
 29975 | Orc:2    | Bought a potion of ambrosia for 128 gold pieces
 29975 | Orc:2    | Bought a potion of resistance for 160 gold pieces
 29975 | Orc:2    | Bought a potion of heal wounds for 80 gold pieces
 29975 | Orc:2    | Bought a potion of cancellation for 128 gold pieces
 29977 | Orc:2    | Bought a scroll of teleportation for 39 gold pieces
 29977 | Orc:2    | Bought a scroll of blinking for 97 gold pieces
 29977 | Orc:2    | Bought a scroll of teleportation for 39 gold pieces
 29977 | Orc:2    | Bought a scroll of teleportation for 39 gold pieces
 29977 | Orc:2    | Bought a scroll of blinking for 97 gold pieces
 30006 | Orc:2    | Bought an Everburning Encyclopedia for 468 gold pieces
 30069 | Elf:1    | Entered Level 1 of the Elven Halls
 30233 | Elf:1    | Found Yqufikhlu's Magic Scroll Emporium.
 30246 | Elf:1    | Bought a scroll of teleportation for 36 gold pieces
 30246 | Elf:1    | Bought a scroll of teleportation for 36 gold pieces
 30246 | Elf:1    | Bought a scroll of teleportation for 36 gold pieces
 30380 | Elf:1    | Found Dovuips's Antique Weapon Boutique.
 30408 | Elf:1    | Noticed a deep elf sorcerer
 30415 | Elf:1    | Killed a deep elf sorcerer
 30422 | Elf:1    | Reached skill level 10 in Spellcasting
 30615 | Elf:1    | Found Ilan Heijon's Book Shop.
 32162 | Elf:2    | Reached XP level 16. HP: 87/109 MP: 27/30
 32327 | Elf:2    | Reached skill level 14 in Conjurations
 32844 | Elf:2    | Got the Papyrus of Anemomancy
 32898 | Elf:2    | Found a runed translucent door.
 32899 | Elf:2    | Found a shimmering altar of Xom.
 32899 | Elf:2    | Noticed Esmu's ghost (adept MiFi)
 32920 | Elf:2    | Found a runed translucent gate.
 32920 | Elf:2    | Found a runed translucent gate.
 32920 | Elf:2    | Found a runed translucent gate.
 33394 | Elf:2    | Noticed a deep elf blademaster
 33512 | Elf:2    | Identified the ring of Tomorrow {rF+++ rN++ Will- rCorr
                  | Dex-5}
 33777 | Elf:3    | Entered Level 3 of the Elven Halls
 34507 | Elf:3    | Identified the serpent talisman of Gozag's Righteous Fury
                  | {Str+6}
 34507 | Elf:3    | Noticed Aizul
 34523 | Elf:3    | Mangled by Aizul

Illustrated notes

Levels and vault maps discovered:
D:1:      dpeg_arrival_fog, layout_basic
D:2:      layout_basic, hellmonk_ecumenical_altar_pennies_from_heaven,
          hex_large, minmay_misc_feat_encased
D:3:      minmay_skewed_foursquare, layout_loops_ring,
          mainiacjoe_overflow_large_starburst, uniq_jessica
D:4:      layout_rooms, lemuel_doored_altar, mainiacjoe_overflow_24_doors,
          minitemple
D:5:      layout_cave_pools, makhleb_blood_cavern_becter, lemuel_crystal_altar,
          nicolae_overflow_hidden_temple, uniq_crazy_yiuf_cottage,
          uniq_menkaure, uniq_edmund
D:6:      layout_cave_pools, temple_fountains, uniq_duvessa
D:7:      layout_cave_pools, serial_shops, nicolae_shop_peninsula, uniq_maurice,
          uniq_joseph
D:8:      layout_rooms, uniq_psyche
D:9:      layout_loops_ring
D:10:     layout_loops_ring, grunt_lair_entry_orc_guard_hut
D:11:     layout_basic, orc_0_dummy, serial_rivers,
          chequers_serial_rivers_micro_d, chequers_serial_rivers_micro_b,
          chequers_serial_rivers_micro_e, chequers_serial_rivers_small_a,
          gauntlet_entry_generic, uniq_harold, uniq_sonja
Temple:   minmay_freezing_vapour_temple
Lair:1:   layout_gridlike, nzn_ghost_randoct, nicolae_lair_lil_pond,
          beast_lair_carwin_2
Lair:2:   layout_misc_corridors, eino_small_chamber_without_monster,
          uniq_nergalle, uniq_maggie
Lair:3:   nzn_winding_woodlands_large [nzn_winding_woodlands_5x5_checkerboard,
          nzn_winding_woodlands_5x15_zeroes, nzn_winding_woodlands_5x5_three,
          nzn_winding_woodlands_center_garden,
          nzn_winding_woodlands_15x15_boxy_spiral,
          nzn_winding_woodlands_center_triple_pond,
          nzn_winding_woodlands_5x5_perimeter, nzn_winding_woodlands_5x15_twine,
          nzn_winding_woodlands_5x5_default], layout_regular_city,
          mainiacjoe_swamp_entry_angry_trees, minmay_snake_entry_six_corridors
Lair:4:   layout_loops_ring
Lair:5:   minmay_lair_end_frog_pond, layout_regular_city, slime_entry_1,
          chequers_serial_rivers_micro_b
Orc:1:    layout_diamond_mine, led_sif_book
Orc:2:    pf_orc_diabolical, layout_diamond_mine, serial_shops,
          nicolae_shop_statue_plus
Elf:1:    layout_geoelf_octagon, serial_shops, nicolae_book_shop_shelving, shop,
          shop, evilmike_minifort
Elf:2:    elven_hall_of_blades_hangedman_original [nooodl_blade_entry_preview],
          layout_loops_ring, ebering_ghost_xom
Elf:3:    minmay_elf_hall_not_hex, layout_geoelf_diagonals,
          nicolae_fountain_basement, uniq_aizul, uniq_norris

Skill      XL: |  1  2  3  4  5  6  7  8  9 10 11 12 13 14 15 16 |
---------------+-------------------------------------------------+-----
Conjurations   | 2 3 4 5 7 9 10 13 14 | 14.5
Spellcasting   | 3 4 5 7 8 9 10 | 10.9
Fire Magic     | 4 5 6 7 9 |  9.1
Stealth        | 5 8 10 | 10.7
Shapeshifting  | 3 6 10 | 10.0
Dodging        | 3 5 6 8 |  8.2
Transmutations | 1 3 |  3.0
Fighting       | 3 8 10 | 10.0
Air Magic      | 5 |  5.0
Evocations     | 7 9 |  9.1
Poison Magic   | 2 6 |  6.0

Action                     |  1- 3 |  4- 6 |  7- 9 | 10-12 | 13-15 | 16-18 || total
---------------------------+-------+-------+-------+-------+-------+-------++-------
  Melee: Unarmed           |    13 |       |       |    20 |   112 |       ||   145
         Constrict         |    10 |    22 |     6 |     7 |    24 |       ||    69
         Tentacles         |    10 |    21 |    10 |     7 |       |       ||    48
         Dagger            |    30 |    91 |    29 |    17 |       |       ||   167
         Punch             |       |     1 |     3 |       |       |       ||     4
         Staff             |       |       |       |     7 |       |       ||     7
   Fire: Arbalest          |       |       |       |       |    15 |     7 ||    22
   Cast: Foxfire           |    36 |    81 |   150 |    62 |     1 |       ||   330
         Scorch            |       |    15 |    48 |   249 |   121 |     2 ||   435
         Flame Wave        |       |       |       |    23 |    21 |     1 ||    45
         Irradiate         |       |       |       |    19 |    83 |     4 ||   106
         Orb of Destructio |       |       |       |       |    38 |    27 ||    65
         Olgreb's Toxic Ra |       |       |       |       |   122 |    16 ||   138
         Ignite Poison     |       |       |       |       |   114 |    17 ||   131
         Freezing Cloud    |       |       |       |       |    21 |       ||    21
  Evoke: Wand              |       |       |    11 |       |     1 |     1 ||    13
    Use: Potion            |       |     1 |     1 |     3 |     1 |     1 ||     7
         Scroll            |       |       |    13 |    14 |     6 |     4 ||    37
   Stab: Sleeping          |     4 |    10 |       |       |     4 |       ||    18
         Paralysed         |       |       |     3 |       |       |       ||     3
 Armour: Skin              |    18 |    33 |    43 |   130 |   250 |    22 ||   496
  Dodge: Dodged            |    24 |    90 |    73 |   278 |   496 |    30 ||   991
   Form: Serpent           |       |       |       |     1 |     1 |       ||     2
                           |       |       |       |       |     1 |       ||     1

Table legend: (Time is in decaauts)
 A = Elapsed time spent in this place.
 B = Non-inter-level travel time spent in this place.
 C = Inter-level travel time spent in this place.
 D = Time resting spent in this place.
 E = Time spent auto-exploring this place.
 F = Levels seen in this place.
 G = Mean time per level.
                   A        B        C        D        E       F      G
               +--------+--------+--------+--------+--------+-----+--------+
         Total |  34586 |  32864 |   1722 |   6705 |  20928 |  23 | 1503.7 |
       Dungeon |  14963 |  14176 |    787 |   2640 |   9430 |  11 | 1360.3 |
        Temple |     10 |      6 |      4 |      0 |      0 |   1 |   10.0 |
          Lair |  10406 |   9947 |    459 |   2213 |   6129 |   5 | 2081.2 |
  Orcish Mines |   3768 |   3530 |    238 |    216 |   2747 |   2 | 1884.0 |
   Elven Halls |   4480 |   4246 |    234 |   1294 |   2368 |   3 | 1493.3 |
      Gauntlet |    956 |    956 |      0 |    342 |    254 |   1 |  956.0 |
               +--------+--------+--------+--------+--------+-----+--------+

Top non-repeatable levels by time:
  Lair:3: 2980 daAuts
   Elf:1: 2731 daAuts
   Orc:2: 2639 daAuts
  Lair:1: 2406 daAuts
  Lair:4: 2173 daAuts
    D:10: 2092 daAuts
     D:5: 1769 daAuts
     D:8: 1706 daAuts
  Lair:2: 1636 daAuts
     D:6: 1538 daAuts
    D:11: 1518 daAuts
     D:9: 1266 daAuts
     D:3: 1234 daAuts
  Lair:5: 1209 daAuts
   Orc:1: 1129 daAuts
